 Dungeon Crawl Stone Soup version 0.22-a0-533-g4d20840 (webtiles) character file.

375 Goblin1989 the Firebug (level 6, 0/36 HPs)
             Began as an Octopode Fire Elementalist on June 22, 2018.
             Slain by a giant cockroach (1 damage)
             ... on level 4 of the Dungeon.
             The game lasted 00:15:41 (5216 turns).

Goblin1989 the Firebug (Octopode Fire Elementalist) Turns: 5216, Time: 00:15:42

Health: 0/36       AC:  1    Str:  8    XL:     6   Next: 73%
Magic:  1/11       EV: 13    Int: 19    God:
Gold:   70         SH:  0    Dex: 14    Spells: 5/12 levels left

rFire    . . .     SeeInvis .   T - +4 hand axe
rCold    . . .     Gourm    .   (no shield)
rNeg     . . .     Faith    .   (helmet restricted)
rPois    +         Spirit   .   (no amulet)
rElec    .         Reflect  .   o - ring of poison resistance
rCorr    .         Harm     .   U - +2 ring of dexterity
MR       .....                  (no ring)
Stlth    +++.......             (no ring)
HPRegen  0.12/turn              (no ring)
MPRegen  0.12/turn              (no ring)
                                (no ring)
                                (no ring)

@: no status effects
A: almost no armour, stealthy swim, amphibious, 8 rings, constrict 8, camouflage
1, gelatinous body 1
a: no special abilities


You were on level 4 of the Dungeon.
You were not hungry.

You visited 1 branch of the dungeon, and saw 4 of its levels.

You collected 70 gold pieces.

Inventory:

Hand Weapons
 T - a +4 hand axe (weapon)
 Z - a +0 dagger of draining
Missiles
 g - 43 stones (quivered) {@Q3}
 h - 15 poisoned needles
 q - 25 arrows
Armour
 p - a +0 large shield
Jewellery
 o - a ring of poison resistance (left tentacle)
 U - a +2 ring of dexterity (right tentacle)
Scrolls
 l - 2 scrolls of remove curse {@r3}
 r - a scroll of amnesia
 Q - a scroll of fear {unknown}
 R - 2 scrolls of identify {@r1}
 S - a scroll of noise {unknown}
 V - a scroll of blinking {unknown}
Potions
 i - 2 potions of resistance {@q6}
 n - a potion of heal wounds {@q2}
 W - 2 potions of flight {unknown}
 X - 2 potions of agility {unknown}
 Y - a potion of invisibility {unknown}
Comestibles
 e - 8 rations
 P - a chunk of flesh


   Skills:
 + Level 2.1 Dodging
 - Level 2.6 Stealth
 + Level 3.5 Spellcasting
 * Level 3.3 Conjurations
 * Level 5.5 Fire Magic


You had 5 spell levels left.
You knew the following spells:

 Your Spells              Type           Power        Failure   Level  Hunger
a - Flame Tongue          Conj/Fire      ###..        2%          1    None
b - Inner Flame           Hex/Fire       ##......     14%         3    ###....
j - Conjure Flame         Conj/Fire      ###.....     7%          3    ###....

Your spell library contained the following spells:

 Spells                   Type           Power        Failure   Level  Hunger
 Fireball                 Conj/Fire      ###.......   54%         5    ######.
 Confuse                  Hex            #.......     41%         3    ###....
 Throw Flame              Conj/Fire      ###...       3%          2    ##.....
 Sticky Flame             Conj/Fire      ###.....     24%         4    ####...
 Tukima's Dance           Hex            #.......     41%         3    ###....
 Ensorcelled Hibernation  Hex/Ice        #.....       22%         2    ##.....
 Corona                   Hex            #......      14%         1    None
 Dazzling Spray           Conj/Hex       #.....       22%         3    ###....


Dungeon Overview and Level Annotations

Branches:
Dungeon (4/15)
 Temple: D:4-7

Altars:
Okawaru

Annotations:
D:4 Ijyb


Innate Abilities, Weirdness & Mutations

You cannot wear most types of armour.
You are very stealthy in the water. (Stealth+)
You are amphibious.
You can wear up to eight rings at the same time.
You can use your tentacles to constrict eight enemies at once.
Your skin changes colour to match your surroundings (Stealth+).
Your rubbery body absorbs attacks. (AC +1, EV +1)


Message History

The flame tongue hits Ijyb.
Ijyb is lightly wounded.
Ijyb closely misses you.
You now have 5/11 mp.
Casting: Flame Tongue (safe; 2% risk of failure)
Confirm with . or Enter, or press ? or * to list all spells.
Aiming: Flame Tongue (safe; 2% risk of failure)
Press: ? - help, Shift-Dir - straight line, f/p - Ijyb
Aim: Ijyb, wearing a ring mail (lightly wounded)
The flame tongue hits Ijyb.
Ijyb appears unharmed.
Ijyb is lightly wounded.
Ijyb hits you.
You take 2 damage, and have 24/36 hp.
You now have 4/11 mp.
Casting: Flame Tongue (safe; 2% risk of failure)
Confirm with . or Enter, or press ? or * to list all spells.
Aiming: Flame Tongue (safe; 2% risk of failure)
Press: ? - help, Shift-Dir - straight line, f/p - Ijyb
Aim: Ijyb, wearing a ring mail (lightly wounded)
The flame tongue hits Ijyb.
Ijyb is lightly wounded.
Ijyb hits you.
You take 2 damage, and have 22/36 hp.
Casting: Flame Tongue (safe; 2% risk of failure)
Confirm with . or Enter, or press ? or * to list all spells.
Aiming: Flame Tongue (safe; 2% risk of failure)
Press: ? - help, Shift-Dir - straight line, f/p - Ijyb
Aim: Ijyb, wearing a ring mail (lightly wounded)
The flame tongue hits Ijyb.
Ijyb is heavily wounded.
Ijyb closely misses you.
You now have 3/11 mp.
Casting: Flame Tongue (safe; 2% risk of failure)
Confirm with . or Enter, or press ? or * to list all spells.
Aiming: Flame Tongue (safe; 2% risk of failure)
Press: ? - help, Shift-Dir - straight line, f/p - Ijyb
Aim: Ijyb, wearing a ring mail (heavily wounded)
The flame tongue hits Ijyb.
Ijyb appears unharmed.
Ijyb is heavily wounded.
Ijyb hits you.
You take 1 damage, and have 21/36 hp.
You now have 2/11 mp.
Casting: Flame Tongue (safe; 2% risk of failure)
Confirm with . or Enter, or press ? or * to list all spells.
Aiming: Flame Tongue (safe; 2% risk of failure)
Press: ? - help, Shift-Dir - straight line, f/p - Ijyb
Aim: Ijyb, wearing a ring mail (heavily wounded)
The flame tongue hits Ijyb.
Ijyb is heavily wounded.
The orc priest shouts!
Ijyb grins evilly.
Ijyb hits you.
You take 2 damage, and have 19/36 hp.
You now have 1/11 mp.
Casting: Flame Tongue (safe; 2% risk of failure)
Confirm with . or Enter, or press ? or * to list all spells.
Aiming: Flame Tongue (safe; 2% risk of failure)
Press: ? - help, Shift-Dir - straight line, f/p - Ijyb
Aim: Ijyb, wearing a ring mail (heavily wounded)
The flame tongue hits Ijyb.
Ijyb is severely wounded.
Ijyb misses you.
You now have 0/11 mp.
Casting: Flame Tongue (safe; 2% risk of failure)
Confirm with . or Enter, or press ? or * to list all spells.
You don't have enough magic to cast that spell.
Casting: Flame Tongue (safe; 2% risk of failure)
Confirm with . or Enter, or press ? or * to list all spells.
You don't have enough magic to cast that spell.
You barely miss Ijyb. Your grab misses Ijyb. Your squeeze misses Ijyb.
Ijyb is heavily wounded.
Ijyb closely misses you.
The orc priest mumbles some strange prayers to Beogh against you.
You barely resist. You hit Ijyb. You grab Ijyb.
Ijyb is severely wounded.
You constrict Ijyb, but do no damage. Ijyb misses you.
You hit Ijyb but do no damage.
Ijyb is severely wounded.
You constrict Ijyb, but do no damage. Ijyb closely misses you.
Ijyb screams, "Me stronger than you!" Ijyb hits you.
You hit Ijyb.
Ijyb is almost dead.
You constrict Ijyb, but do no damage. Ijyb barely misses you.
The giant cockroach bites you but does no damage.
The orc priest hits you with a hand axe.
* * * LOW HITPOINT WARNING * * *
You take 5 damage, and have 14/36 hp.
You hit Ijyb.
Ijyb is almost dead.
You completely miss the giant cockroach.
You hit the orc priest. You constrict Ijyb, but do no damage.
Ijyb closely misses you. The giant cockroach misses you.
The orc priest invokes the aid of Beogh against you.
Pain shoots through your body!
* * * LOW HITPOINT WARNING * * *
You take 13 damage, and have 1/36 hp.
MASSIVE DAMAGE!!
You hit Ijyb but do no damage. You squeeze Ijyb, but do no damage.
Ijyb is almost dead.
You barely miss the giant cockroach. You hit the orc priest.
You constrict Ijyb, but do no damage. The giant cockroach bites you.
You die...

.███.████).███...█
..██..█ ██....)..█
█...█.████████((.█
███.....████ █...█
███.█)...███...█
█..███....████
██..█████.████████
███.████.........█
█..........s@)...█
█..........og....█
.██...............$█
....................█
.██.................█
..........<.<.......█
..██....███∆∆███....█
.. █....█88..88█....█
█....█8≈§≈§8█ ...


You could see Ijyb, an orc priest and a giant cockroach.

Vanquished Creatures
  2 hounds
  An orc priest (D:4)
  2 orc wizards (D:3)
  Terence (D:2)
  2 worker ants
  Robin (D:3)
  4 adders
  5 worms
  5 dart slugs
  A leopard gecko (D:3)
  11 orcs
  A ball python (D:1)
  4 bats
  A giant cockroach (D:1)
  8 goblins
  15 hobgoblins
  2 jackals (D:1)
  A quokka (D:3)
  2 frilled lizards
  5 kobolds
  8 rats
82 creatures vanquished.

Notes
Turn   | Place    | Note
-------+----------+-------------------------------------------
     0 | D:1      | Goblin1989 the Octopode Fire Elementalist began the quest for the Orb.
     0 | D:1      | Reached XP level 1. HP: 11/11 MP: 3/3
   244 | D:1      | Reached XP level 2. HP: 14/17 MP: 5/5
   693 | D:1      | Reached XP level 3. HP: 21/21 MP: 4/6
  1226 | D:2      | Learned a level 3 spell: Conjure Flame
  1310 | D:2      | Noticed Terence
  2009 | D:3      | Reached skill level 4 in Fire Magic
  2009 | D:3      | Reached XP level 4. HP: 10/27 MP: 1/7
  2392 | D:3      | Learned a level 3 spell: Inner Flame
  2639 | D:3      | Found an iron altar of Okawaru.
  2655 | D:3      | Reached XP level 5. HP: 20/31 MP: 5/9
  3051 | D:2      | Killed Terence
  4119 | D:4      | Noticed Robin
  4200 | D:4      | Reached skill level 5 in Fire Magic
  4200 | D:4      | Reached XP level 6. HP: 27/36 MP: 4/10
  4678 | D:3      | Killed Robin
  4980 | D:4      | Noticed Ijyb
  5215 | D:4      | HP: 1/36 [orc priest/nerve-wracking pain (13)]
  5216 | D:4      | Slain by a giant cockroach

Vault maps used:
D:1:      dpeg_arrival_pond
D:2:      serial_park_tiny_pond, uniq_terence
D:3:      first_ration, okawaru_gym_becter
D:4:      kennysheep_generic_room_12, uniq_ijyb, uniq_robin

Skill      XL: |  1  2  3  4  5  6 |
---------------+-------------------+-----
Conjurations   | 2 3 |  3.3
Fire Magic     | 4 5 |  5.5
Spellcasting   | 3 |  3.5
Dodging        | |  2.1
Stealth        | |  2.6

Action                   |  1- 3 |  4- 6 || total
-------------------------+-------+-------++-------
Melee: Unarmed           |     6 |       ||     6
       Constrict         |     1 |     5 ||     6
       Tentacles         |     1 |     2 ||     3
       Hand axe          |       |    21 ||    21
 Cast: Flame Tongue      |    59 |   113 ||   172
       Conjure Flame     |     2 |     4 ||     6
       Inner Flame       |       |     2 ||     2
  Use: Scroll            |     4 |       ||     4
  Eat: Chunk             |     4 |     9 ||    13
       Ration            |       |     1 ||     1
Armor: Skin              |     2 |     6 ||     8
Dodge: Dodged            |     5 |    72 ||    77

Table legend:
 A = Spawn XP
 B = Non-spawn XP
 C = Spawn XP percentage of total XP
 D = Spawn monster count
 E = Non-spawn monster count
 F = Spawn count percentage of total count
 G = Total turns spent on level
                    A         B        C        D         E        F      G
               +---------+---------+-------+---------+---------+-------+---------
         Total |       0 |     537 |   0.0 |       0 |      82 |   0.0 |  5216
               +---------+---------+-------+---------+---------+-------+---------
           D:1 |       0 |      38 |   0.0 |       0 |      21 |   0.0 |  1084
           D:2 |       0 |     102 |   0.0 |       0 |      18 |   0.0 |  1485
           D:3 |       0 |     240 |   0.0 |       0 |      28 |   0.0 |  2190
           D:4 |       0 |     157 |   0.0 |       0 |      15 |   0.0 |   457
               +---------+---------+-------+---------+---------+-------+---------

Vault maps used:
D:1:      dpeg_arrival_pond
D:2:      serial_park_tiny_pond, uniq_terence
D:3:      first_ration, okawaru_gym_becter
D:4:      kennysheep_generic_room_12, uniq_ijyb, uniq_robin
